[Event "EYCC Open-U12 2019"]
[Site "Bratislava"]
[Date "2019.08.09"]
[Round "8.12"]
[White "Suleymanov, Ali"]
[Black "Habans Aguerrea, Javier"]
[Result "1/2-1/2"]
[ECO "A43"]
[WhiteElo "1733"]
[BlackElo "2083"]
[Annotator "NA"]
[PlyCount "107"]
[EventDate "2019.08.02"]
[EventType "swiss"]
[EventCountry "SVK"]
[SourceTitle "playchess.com"]
[Source "ChessBase"]
[SourceQuality "1"]
[TimeControl "40/5400+30:1800+30"]

1. d4 c5 2. d5 Nf6 3. Nc3 g6 4. e4 d6 5. Nf3 Bg7 6. Be2 O-O 7. O-O Na6 8. Bf4 Nc7 9. a4 b6 10. h3 a6 11. Qd2 Bb7 12. Rfe1 Qd7 13. Bf1 b5 14. a5 Rad8 15. Bh6 Rfe8 16. Bxg7 Kxg7 17. b4 c4 18. Nd4 e6 19. dxe6 fxe6 20. Qg5 Rf8 21. Rad1 h6 22. Qe3 e5 23. Nf3 Qc6 24. Rd2 Rde8 25. Red1 Re6 26. Nd5 Qd7 27. g3 Ncxd5 28. exd5 Re7 29. Bg2 e4 30. Nh2 Re5 31. Qc3 Kh7 32. Nf1 Nxd5 33. Qd4 Qe7 34. Re2 Re8 35. Ne3 Nxe3 36. Rxe3 Rd5 37. Qa1 Rxd1+ 38. Qxd1 d5 39. c3 Qe5 40. Qd4 Qxd4 41. cxd4 Kg7 42. Kf1 Kf7 43. Ke2 g5 44. Ke1 Bc8 45. Ke2 Bf5 46. Ke1 Re6 47. Ke2 Bg6 48. Ke1 Bh5 49. Kd2 Rf6 50. Ke1 Ke6 51. Bh1 Bf3 52. Bxf3 Rxf3 53. Rxf3 exf3 54. g4 {[%emt 0:00:04] Ke5} 1/2-1/2

[Event "EYCC Open-U12 2019"]
[Site "Bratislava"]
[Date "2019.08.09"]
[Round "8.13"]
[White "Eliseev, Sergey"]
[Black "Fiszer, Bartosz"]
[Result "0-1"]
[ECO "A48"]
[WhiteElo "2053"]
[BlackElo "2124"]
[Annotator "NA"]
[PlyCount "60"]
[EventDate "2019.08.02"]
[EventType "swiss"]
[EventCountry "SVK"]
[SourceTitle "playchess.com"]
[Source "ChessBase"]
[SourceQuality "1"]
[TimeControl "40/5400+30:1800+30"]

1. d4 Nf6 2. Nf3 g6 3. Bg5 Bg7 4. Nbd2 O-O 5. c3 d5 6. e3 Nbd7 7. Be2 Re8 8. O-O e5 9. dxe5 Nxe5 10. c4 c6 11. Qb3 Nxf3+ 12. Nxf3 Qb6 13. Rfd1 dxc4 14. Bxc4 Qxb3 15. Bxb3 Ne4 16. Bc2 Bxb2 17. Rab1 Nxg5 18. Nxg5 Bf6 19. Ne4 Kg7 20. Nd6 Re7 21. a4 Be5 22. a5 Rb8 23. Ba4 Ra8 24. h3 Kf8 25. Nc4 Bc7 26. Rd4 Rb8 27. Bxc6 bxc6 28. Rd8+ Re8 29. Rxb8 Rxd8 30. Ra8 Rd1# 0-1

[Event "EYCC Open-U12 2019"]
[Site "Bratislava"]
[Date "2019.08.09"]
[Round "8.14"]
[White "Pingin, Artem"]
[Black "Chyndygyr, Tamerlan"]
[Result "1/2-1/2"]
[ECO "D31"]
[WhiteElo "2155"]
[BlackElo "2018"]
[Annotator "NA"]
[PlyCount "53"]
[EventDate "2019.08.02"]
[EventType "swiss"]
[EventCountry "SVK"]
[SourceTitle "playchess.com"]
[Source "ChessBase"]
[SourceQuality "1"]
[TimeControl "40/5400+30:1800+30"]

1. c4 e6 2. Nc3 d5 3. d4 Be7 4. Nf3 Nf6 5. g3 O-O 6. Bg2 dxc4 7. Ne5 Nc6 8. Nxc6 bxc6 9. O-O Rb8 10. Bxc6 Bb7 11. Bxb7 Rxb7 12. b3 cxb3 13. axb3 Bb4 14. Bb2 Qb8 15. Na4 Rd8 16. Ba3 e5 17. Qc2 exd4 18. Bxb4 Rxb4 19. Nc5 Rb6 20. Na6 Qb7 21. Qxc7 Re8 22. Qxb7 Rxb7 23. Rfd1 Rd7 24. Nc5 Rd5 25. Nd3 Re7 26. Nf4 Rdd7 27. h4 1/2-1/2

[Event "EYCC Open-U12 2019"]
[Site "Bratislava"]
[Date "2019.08.09"]
[Round "8.15"]
[White "Macias Pino, Diego"]
[Black "Costa, Leonardo"]
[Result "1-0"]
[ECO "C26"]
[WhiteElo "2150"]
[BlackElo "2002"]
[Annotator "NA"]
[PlyCount "115"]
[EventDate "2019.08.02"]
[EventType "swiss"]
[EventCountry "SVK"]
[SourceTitle "playchess.com"]
[Source "ChessBase"]
[SourceQuality "1"]
[TimeControl "40/5400+30:1800+30"]

1. e4 e5 2. Nc3 Nf6 3. Bc4 Bc5 4. f4 d6 5. Nf3 Nc6 6. d3 a6 7. Nd5 Nxd5 8. Bxd5 Qf6 9. f5 h6 10. c3 Bd7 11. g4 Qe7 12. b4 Bb6 13. Qb3 g6 14. Bd2 Rh7 15. O-O-O O-O-O 16. Rdf1 gxf5 17. exf5 f6 18. Nh4 Qg7 19. h3 h5 20. g5 fxg5 21. f6 Qh6 22. Nf3 Qxf6 23. Nxg5 Qe7 24. Nxh7 Qxh7 25. Be4 Qg8 26. Qxg8 Rxg8 27. Bf5 Ne7 28. Bxd7+ Kxd7 29. Rf7 Rg3 30. Rh7 Rxd3 31. Rxh5 Rf3 32. Re1 Ke6 33. Kc2 Ng6 34. Re2 Rg3 35. Rg5 Rxg5 36. Bxg5 Kf5 37. h4 Kg4 38. Rh2 Ba7 39. Bd8 c6 40. h5 Nf8 41. Be7 Nh7 42. Bxd6 e4 43. Kd2 Kf3 44. Rh3+ Kg4 45. Rh1 Bb6 46. Ke2 a5 47. Be7 axb4 48. cxb4 Bd4 49. h6 Kf5 50. Rf1+ Kg6 51. Rf4 Kxh6 52. Rxe4 Bb2 53. Bc5 Bf6 54. Re6 Kg6 55. Rd6 Kf5 56. Rd7 Ng5 57. Rxb7 Ne6 58. Rb6 1-0

[Event "EYCC Open-U12 2019"]
[Site "Bratislava"]
[Date "2019.08.09"]
[Round "8.16"]
[White "Labruyere, Roger"]
[Black "Ristic, Luka"]
[Result "0-1"]
[ECO "B06"]
[WhiteElo "1897"]
[BlackElo "2113"]
[Annotator "NA"]
[PlyCount "64"]
[EventDate "2019.08.02"]
[EventType "swiss"]
[EventCountry "SVK"]
[SourceTitle "playchess.com"]
[Source "ChessBase"]
[SourceQuality "1"]
[TimeControl "40/5400+30:1800+30"]

1. e4 g6 2. d4 Bg7 3. Nc3 c6 4. f4 d5 5. e5 Nh6 6. h3 Nf5 7. g4 Ng3 8. Rh2 Nxf1 9. Kxf1 h5 10. Rg2 hxg4 11. hxg4 e6 12. Be3 b6 13. Qf3 Qd7 14. Ke1 Bb7 15. Rd1 c5 16. dxc5 Qc6 17. Rgd2 bxc5 18. Nxd5 exd5 19. Rxd5 Nd7 20. Qf2 O-O-O 21. Rd6 Qg2 22. Bxc5 Bf8 23. R6d2 Qe4+ 24. Be3 Bb4 25. c3 Bc5 26. Re2 Ba6 27. Bxc5 Bxe2 28. Rd4 Qb1+ 29. Kxe2 Qxb2+ 30. Rd2 Qb5+ 31. Ke1 Nxc5 32. Rb2 Nd3+ 0-1

[Event "EYCC Open-U12 2019"]
[Site "Bratislava"]
[Date "2019.08.09"]
[Round "8.17"]
[White "Lystsov, Leonid"]
[Black "Magold, Filip"]
[Result "0-1"]
[ECO "A07"]
[WhiteElo "2086"]
[BlackElo "1865"]
[Annotator "NA"]
[PlyCount "158"]
[EventDate "2019.08.02"]
[EventType "swiss"]
[EventCountry "SVK"]
[SourceTitle "playchess.com"]
[Source "ChessBase"]
[SourceQuality "1"]
[TimeControl "40/5400+30:1800+30"]

1. Nf3 d5 2. g3 Nf6 3. Bg2 c6 4. O-O Bg4 5. c4 e6 6. d3 Nbd7 7. cxd5 cxd5 8. Nc3 Be7 9. e4 Bxf3 10. Bxf3 dxe4 11. dxe4 O-O 12. Qe2 Ne5 13. Rd1 Qb6 14. b3 Rac8 15. Bb2 Qa6 16. Kg2 Qxe2 17. Bxe2 Rfd8 18. f3 Nc6 19. Rxd8+ Rxd8 20. Rd1 Rxd1 21. Nxd1 Kf8 22. Bb5 Ke8 23. Bxc6+ bxc6 24. Kf2 g6 25. Bxf6 Bxf6 26. Ke3 Kd7 27. Kd3 h5 28. h3 Kd6 29. Ne3 h4 30. g4 Ke5 31. Ng2 g5 32. Ke3 Be7 33. Kd3 a5 34. Kc4 Bf8 35. Kc3 Be7 36. Kd3 Bf6 37. a3 Be7 38. a4 f5 39. exf5 exf5 40. Ne3 fxg4 41. fxg4 Kf4 42. Nf5 Bb4 43. Ke2 Bc5 44. Kf1 Kf3 45. Nh6 Kg3 46. Nf7 Kxh3 47. Nxg5+ Kxg4 48. Ne6 Bb4 49. Kg2 h3+ 50. Kh2 c5 51. Nd8 Kf3 52. Kxh3 Ke3 53. Kg4 Kd3 54. Kf3 Kc3 55. Ke4 Kxb3 56. Nc6 Kxa4 57. Kd5 Kb5 58. Na7+ Ka6 59. Nc6 a4 60. Kc4 a3 61. Kb3 Kb5 62. Ne5 Kb6 63. Nc4+ Kc6 64. Ne3 Kd6 65. Nc2 Kd5 66. Ne3+ Kd4 67. Nf5+ Kd3 68. Nd6 Kd2 69. Nc4+ Kc1 70. Ka2 Kc2 71. Ne3+ Kd3 72. Nd5 Kd4 73. Nf4 c4 74. Ne2+ Ke3 75. Nc1 Kd2 76. Kb1 Kd1 77. Na2 Ba5 78. Nc1 c3 79. Nb3 c2+ 0-1

[Event "EYCC Open-U12 2019"]
[Site "Bratislava"]
[Date "2019.08.09"]
[Round "8.18"]
[White "Stork, Christopher"]
[Black "Nastore, Pavel-Alexandru"]
[Result "1/2-1/2"]
[ECO "B90"]
[WhiteElo "1905"]
[BlackElo "2084"]
[Annotator "NA"]
[PlyCount "126"]
[EventDate "2019.08.02"]
[EventType "swiss"]
[EventCountry "SVK"]
[SourceTitle "playchess.com"]
[Source "ChessBase"]
[SourceQuality "1"]
[TimeControl "40/5400+30:1800+30"]

1. e4 c5 2. Nf3 d6 3. d4 cxd4 4. Nxd4 Nf6 5. Nc3 a6 6. f3 e5 7. Nb3 Be6 8. Be3 h5 9. Qd2 Nbd7 10. Nd5 Bxd5 11. exd5 g6 12. Be2 Bg7 13. O-O e4 14. h3 exf3 15. Bxf3 O-O 16. Bd4 Re8 17. Rae1 Qc7 18. c3 a5 19. Rxe8+ Rxe8 20. Re1 Ne5 21. Bxe5 dxe5 22. d6 Qb6+ 23. Kh2 a4 24. Nc1 Bf8 25. d7 Rd8 26. Kh1 Rxd7 27. Qc2 Bd6 28. Nd3 Qa5 29. Nf2 Bb8 30. Ne4 Nxe4 31. Rxe4 b5 32. Rb4 e4 33. Rxe4 Qc7 34. g4 hxg4 35. hxg4 Qg3 36. Qg2 Qh4+ 37. Kg1 Ba7+ 38. Kf1 Qd8 39. Qe2 Qf6 40. Re8+ Kg7 41. Qe5 Qxe5 42. Rxe5 Rd2 43. Re2 Rd1+ 44. Kg2 Rg1+ 45. Kh2 Rf1 46. Kg3 a3 47. bxa3 Rc1 48. Rb2 Rxc3 49. Rxb5 Rxa3 50. Rb2 Bd4 51. Rd2 Be3 52. Rc2 f5 53. gxf5 gxf5 54. Kg2 Kf6 55. Bd5 Kg5 56. Bb3 Ra7 57. Kf3 f4 58. Rg2+ Kf6 59. Rg4 Kf5 60. Rg8 Rd7 61. Rf8+ Kg5 62. Rg8+ Kh6 63. Rg2 Rg7 1/2-1/2

[Event "EYCC Open-U12 2019"]
[Site "Bratislava"]
[Date "2019.08.09"]
[Round "8.19"]
[White "Kluehs, Gustaf"]
[Black "Palczert, Matyas"]
[Result "1-0"]
[ECO "A05"]
[WhiteElo "1811"]
[BlackElo "2065"]
[Annotator "NA"]
[PlyCount "57"]
[EventDate "2019.08.02"]
[EventType "swiss"]
[EventCountry "SVK"]
[SourceTitle "playchess.com"]
[Source "ChessBase"]
[SourceQuality "1"]
[TimeControl "40/5400+30:1800+30"]

1. Nf3 Nf6 2. g3 e6 3. Bg2 Be7 4. O-O d5 5. c4 O-O 6. b3 b6 7. Bb2 c5 8. Na3 Bb7 9. d4 Nc6 10. cxd5 Nxd5 11. Nc4 Rc8 12. Rc1 cxd4 13. Nxd4 Nxd4 14. Bxd4 Bf6 15. Bxf6 Qxf6 16. e4 Nb4 17. Qd6 Nc6 18. e5 Qg6 19. Qa3 Nd4 20. Bxb7 Ne2+ 21. Kh1 Nxc1 22. Bxc8 Qe4+ 23. f3 Qe2 24. Qxc1 Rxc8 25. Qd1 Qxa2 26. Qd7 Rf8 27. Qd3 b5 28. Nd6 b4 29. Rd1 1-0

[Event "EYCC Open-U12 2019"]
[Site "Bratislava"]
[Date "2019.08.09"]
[Round "8.20"]
[White "Nemsadze, Daviti"]
[Black "Saveljev, Ivan"]
[Result "1/2-1/2"]
[ECO "D76"]
[WhiteElo "1794"]
[BlackElo "2040"]
[Annotator "NA"]
[PlyCount "89"]
[EventDate "2019.08.02"]
[EventType "swiss"]
[EventCountry "SVK"]
[SourceTitle "playchess.com"]
[Source "ChessBase"]
[SourceQuality "1"]
[TimeControl "40/5400+30:1800+30"]

1. d4 Nf6 2. c4 g6 3. g3 Bg7 4. Bg2 d5 5. cxd5 Nxd5 6. Nf3 O-O 7. O-O Nb6 8. Nc3 Nc6 9. e3 Re8 10. d5 Na5 11. Qc2 Nac4 12. Rd1 Bd7 13. b3 Nd6 14. Nd4 Nf5 15. Nxf5 Bxf5 16. e4 Bg4 17. f3 Bd7 18. Bb2 Rc8 19. Ne2 Bxb2 20. Qxb2 c6 21. dxc6 Rxc6 22. Nd4 Rc8 23. f4 Qc7 24. Rac1 Qb8 25. e5 e6 26. Rd2 Nd5 27. Bxd5 exd5 28. Nc2 Qc7 29. Rcd1 Bg4 30. Re1 Red8 31. Ne3 Be6 32. Red1 Qa5 33. Qd4 h5 34. Kf2 Kf8 35. Kg2 Qc3 36. Qxc3 Rxc3 37. Kf2 Rc5 38. Rd4 Ke7 39. b4 Rc3 40. R1d2 Rc6 41. Ke2 Rb6 42. a4 a6 43. h3 f6 44. exf6+ Kxf6 45. g4 {[%emt 0:01:14] Ke5} 1/2-1/2

[Event "EYCC Open-U12 2019"]
[Site "Bratislava"]
[Date "2019.08.09"]
[Round "8.21"]
[White "Tran, David"]
[Black "Guia, Artur Solovyov Eloy"]
[Result "1/2-1/2"]
[ECO "B30"]
[WhiteElo "2112"]
[BlackElo "1790"]
[Annotator "NA"]
[PlyCount "84"]
[EventDate "2019.08.02"]
[EventType "swiss"]
[EventCountry "SVK"]
[SourceTitle "playchess.com"]
[Source "ChessBase"]
[SourceQuality "1"]
[TimeControl "40/5400+30:1800+30"]

1. e4 c5 2. Nf3 Nc6 3. g3 g6 4. Bg2 Bg7 5. O-O d6 6. d3 Rb8 7. a4 a6 8. Nc3 e6 9. Be3 Nge7 10. d4 cxd4 11. Nxd4 O-O 12. f4 Qb6 13. Nce2 Qxb2 14. Nb3 Qf6 15. Qxd6 e5 16. Qxf6 Bxf6 17. Rad1 Bg4 18. Rfe1 exf4 19. gxf4 Bh4 20. Bf2 Bxf2+ 21. Kxf2 b6 22. h3 Be6 23. Ned4 Nxd4 24. Nxd4 Bc4 25. Rd2 Rfd8 26. Red1 Rd7 27. c3 Rbd8 28. Ke3 Kf8 29. Bf3 Ke8 30. Bg4 Rb7 31. f5 gxf5 32. Bxf5 Nxf5+ 33. Nxf5 Rxd2 34. Rxd2 Rc7 35. Rd6 Be6 36. Rxb6 Rxc3+ 37. Kf4 Rxh3 38. Ng7+ Ke7 39. Nxe6 fxe6 40. Rxa6 Kf6 41. e5+ Kf7 42. a5 Ra3 1/2-1/2

[Event "EYCC Open-U12 2019"]
[Site "Bratislava"]
[Date "2019.08.09"]
[Round "8.22"]
[White "Valiyev, Shahin"]
[Black "Bakiev, Diyor"]
[Result "0-1"]
[ECO "C78"]
[WhiteElo "1830"]
[BlackElo "2121"]
[Annotator "NA"]
[PlyCount "142"]
[EventDate "2019.08.02"]
[EventType "swiss"]
[EventCountry "SVK"]
[SourceTitle "playchess.com"]
[Source "ChessBase"]
[SourceQuality "1"]
[TimeControl "40/5400+30:1800+30"]

1. e4 e5 2. Nf3 Nc6 3. Bb5 a6 4. Ba4 Nf6 5. O-O b5 6. Bb3 Bc5 7. d3 d6 8. a3 Bb6 9. Nc3 h6 10. Nd5 Nxd5 11. Bxd5 Bd7 12. c3 O-O 13. h3 Qf6 14. Be3 Rab8 15. Bxb6 Rxb6 16. Re1 Ne7 17. Bb3 Ng6 18. d4 Bc8 19. Kh2 Nf4 20. Ng1 c5 21. d5 Qg5 22. g3 Ng6 23. Rf1 f5 24. f3 h5 25. h4 Qf6 26. exf5 Bxf5 27. Bc2 Ne7 28. Bxf5 Nxf5 29. Qd2 b4 30. axb4 cxb4 31. cxb4 Nd4 32. Qc3 Rfb8 33. Ra4 Qf7 34. Nh3 Qxd5 35. Ng5 Qb5 36. Rfa1 Qe2+ 37. Kh3 Rc6 38. Qe1 Qxe1 39. Rxe1 Nc2 40. Rc1 d5 41. Ra5 Rb5 42. Rxb5 axb5 43. Rd1 d4 44. f4 exf4 45. gxf4 Rc4 46. Nf3 Rxb4 47. Rd2 Rb3 48. Rxc2 Rxf3+ 49. Kg2 Rxf4 50. Rc5 d3 51. Rd5 Rxh4 52. Rxd3 Rb4 53. b3 Kh7 54. Kh3 Kh6 55. Rc3 Rd4 56. Re3 b4 57. Kg2 h4 58. Re6+ Kh5 59. Rb6 g5 60. Rb8 Kg4 61. Rb5 h3+ 62. Kh2 Rd2+ 63. Kh1 Rb2 64. Rd5 Rxb3 65. Kh2 Rb2+ 66. Kh1 Kh4 67. Kg1 g4 68. Rd8 b3 69. Rd1 Rc2 70. Kh1 b2 71. Rg1 Rc1 0-1

[Event "EYCC Open-U12 2019"]
[Site "Bratislava"]
[Date "2019.08.09"]
[Round "8.23"]
[White "Ciric, Pavle"]
[Black "Bialiauski, Artsiom"]
[Result "1-0"]
[ECO "C68"]
[WhiteElo "1987"]
[BlackElo "1784"]
[Annotator "NA"]
[PlyCount "53"]
[EventDate "2019.08.02"]
[EventType "swiss"]
[EventCountry "SVK"]
[SourceTitle "playchess.com"]
[Source "ChessBase"]
[SourceQuality "1"]
[TimeControl "40/5400+30:1800+30"]

1. e4 e5 2. Nf3 Nc6 3. Bb5 a6 4. Bxc6 dxc6 5. O-O Qf6 6. d4 Bd6 7. dxe5 Bxe5 8. Bg5 Qd6 9. Nxe5 Qxd1 10. Rxd1 f6 11. Bf4 fxe5 12. Bxe5 Nf6 13. Nc3 Be6 14. Bxc7 Kf7 15. f3 Rac8 16. Bf4 h6 17. Rd2 Ne8 18. Rad1 Ke7 19. Na4 Rf8 20. Be3 Rg8 21. Nb6 Nf6 22. Nxc8+ Rxc8 23. Bc5+ Ke8 24. Bd4 a5 25. Bxf6 gxf6 26. a3 Ke7 27. Kf2 1-0

[Event "EYCC Open-U12 2019"]
[Site "Bratislava"]
[Date "2019.08.09"]
[Round "8.24"]
[White "Zlatkov, Anton"]
[Black "Kvaloy, Aksel Bu"]
[Result "0-1"]
[ECO "B22"]
[WhiteElo "1782"]
[BlackElo "2205"]
[Annotator "NA"]
[PlyCount "74"]
[EventDate "2019.08.02"]
[EventType "swiss"]
[EventCountry "SVK"]
[SourceTitle "playchess.com"]
[Source "ChessBase"]
[SourceQuality "1"]
[TimeControl "40/5400+30:1800+30"]

1. e4 c5 2. c3 Nf6 3. e5 Nd5 4. d4 cxd4 5. Nf3 Nc6 6. cxd4 d6 7. Bc4 Nb6 8. Bb3 dxe5 9. d5 Na5 10. Nc3 Bg4 11. Ba4+ Nxa4 12. Qxa4+ Bd7 13. Qe4 f6 14. Be3 Rc8 15. Nd2 b6 16. O-O g6 17. f4 exf4 18. Bxf4 Bf5 19. Qe2 e5 20. g4 Bc5+ 21. Kh1 Bxg4 22. Qxg4 exf4 23. Rae1+ Kf7 24. Rxf4 Bd6 25. Rf3 Kg7 26. Ref1 Be5 27. Nde4 Rf8 28. Ng5 Qe7 29. Ne6+ Kh8 30. Nxf8 Rxf8 31. Qe6 Qb4 32. Ne4 Qxe4 33. d6 Qc2 34. R1f2 Qc6 35. Kg2 Nb7 36. Re2 Nxd6 37. Rxe5 fxe5 0-1

[Event "EYCC Open-U12 2019"]
[Site "Bratislava"]
[Date "2019.08.09"]
[Round "8.25"]
[White "Wahlgreen, Noah"]
[Black "Konyves, Almos"]
[Result "0-1"]
[ECO "C50"]
[WhiteElo "1743"]
[BlackElo "2104"]
[Annotator "NA"]
[PlyCount "96"]
[EventDate "2019.08.02"]
[EventType "swiss"]
[EventCountry "SVK"]
[SourceTitle "playchess.com"]
[Source "ChessBase"]
[SourceQuality "1"]
[TimeControl "40/5400+30:1800+30"]

1. e4 e5 2. Nf3 Nc6 3. Bc4 Be7 4. O-O Nf6 5. Re1 d6 6. c3 O-O 7. d4 Bg4 8. d5 Nb8 9. h3 Bd7 10. a4 Ne8 11. b4 f5 12. Nbd2 f4 13. Be2 Nf6 14. Qb3 Kh8 15. Ba3 Qe8 16. c4 Qg6 17. Kh1 Qh6 18. Nh2 g5 19. f3 Rg8 20. c5 Rg6 21. Nc4 Bxh3 22. gxh3 Qxh3 23. Bf1 Qg3 24. Re2 g4 25. Rg2 Qh3 26. Rxg4 Nxg4 27. Qb2 Qxh2+ 28. Qxh2 Nxh2 29. Kxh2 Nd7 30. Bh3 Rag8 31. Ra2 Nf6 32. b5 Ne8 33. Na5 b6 34. Nc6 Bh4 35. cxd6 cxd6 36. Nxa7 Bg3+ 37. Kh1 Rh6 38. Kg2 Be1+ 39. Bg4 Rh4 40. Kf1 h5 41. Kxe1 Rh1+ 42. Kf2 Rh2+ 43. Kf1 Rxa2 44. Be6 Rxa3 45. Bxg8 Rxf3+ 46. Kg2 Rg3+ 47. Kh2 Rxg8 48. Nc8 f3 0-1

[Event "EYCC Open-U12 2019"]
[Site "Bratislava"]
[Date "2019.08.09"]
[Round "8.26"]
[White "Kamilov, Dmitry"]
[Black "Venkatesan, Kavin"]
[Result "1-0"]
[ECO "B90"]
[WhiteElo "1990"]
[BlackElo "1797"]
[Annotator "NA"]
[PlyCount "109"]
[EventDate "2019.08.02"]
[EventType "swiss"]
[EventCountry "SVK"]
[SourceTitle "playchess.com"]
[Source "ChessBase"]
[SourceQuality "1"]
[TimeControl "40/5400+30:1800+30"]

1. e4 c5 2. Nf3 d6 3. d4 cxd4 4. Nxd4 Nf6 5. Nc3 a6 6. Bc4 e6 7. Bb3 Nbd7 8. f4 Nc5 9. Qf3 Be7 10. O-O O-O 11. g4 Qc7 12. Be3 b5 13. g5 Nfd7 14. f5 Ne5 15. Qg2 b4 16. Nce2 exf5 17. Bd5 Bb7 18. exf5 Nc4 19. Bf4 Nb6 20. Bxb7 Qxb7 21. f6 Qxg2+ 22. Kxg2 gxf6 23. gxf6 Bxf6 24. Bxd6 Bxd4 25. Bxf8 Rxf8 26. Nxd4 Nc4 27. Kh1 Kh8 28. Rae1 Nxb2 29. Ne6 Nxe6 30. Rxe6 a5 31. Re5 Nc4 32. Rc5 Na3 33. Rf2 a4 34. Ra5 Rc8 35. Rxa4 Nxc2 36. Rxf7 Kg8 37. Raa7 Ne3 38. Rg7+ Kf8 39. Rac7 Rd8 40. Rgd7 Rxd7 41. Rxd7 Kg8 42. Rd4 Nc2 43. Rc4 b3 44. axb3 Na3 45. Rc5 Kf7 46. Rc7+ Kg6 47. Rc5 Kf7 48. Kg1 Ke6 49. Kf2 Kd6 50. b4 Nb1 51. Ke2 h6 52. Kd1 Na3 53. Kc1 Kd7 54. Kb2 h5 55. Kxa3 1-0

[Event "EYCC Open-U12 2019"]
[Site "Bratislava"]
[Date "2019.08.09"]
[Round "8.27"]
[White "Soderstrom, Adrian"]
[Black "Lye, Sverre"]
[Result "1-0"]
[ECO "E73"]
[WhiteElo "1970"]
[BlackElo "1839"]
[Annotator "NA"]
[PlyCount "59"]
[EventDate "2019.08.02"]
[EventType "swiss"]
[EventCountry "SVK"]
[SourceTitle "playchess.com"]
[Source "ChessBase"]
[SourceQuality "1"]
[TimeControl "40/5400+30:1800+30"]

1. d4 Nf6 2. c4 g6 3. Nc3 Bg7 4. e4 d6 5. Be2 O-O 6. Be3 Nbd7 7. Qd2 e5 8. d5 Nc5 9. f3 a5 10. g4 Bd7 11. Nh3 Na4 12. Nxa4 Bxa4 13. Nf2 Ne8 14. h4 f6 15. h5 Rf7 16. hxg6 hxg6 17. g5 Bd7 18. O-O-O f5 19. exf5 gxf5 20. g6 Rf8 21. Bh6 f4 22. Ne4 Bxh6 23. Rxh6 Bf5 24. Bd3 Bxe4 25. Bxe4 Nf6 26. g7 Kxg7 27. Qg2+ Kf7 28. Qg6+ Ke7 29. Rh7+ Nxh7 30. Qe6# 1-0

[Event "EYCC Open-U12 2019"]
[Site "Bratislava"]
[Date "2019.08.09"]
[Round "8.28"]
[White "Cohen, Elad"]
[Black "Dovbnia, Nikita"]
[Result "0-1"]
[ECO "C42"]
[WhiteElo "2002"]
[BlackElo "1777"]
[Annotator "NA"]
[PlyCount "116"]
[EventDate "2019.08.02"]
[EventType "swiss"]
[EventCountry "SVK"]
[SourceTitle "playchess.com"]
[Source "ChessBase"]
[SourceQuality "1"]
[TimeControl "40/5400+30:1800+30"]

1. e4 e5 2. Nf3 Nf6 3. Nxe5 d6 4. Nf3 Nxe4 5. Bd3 Nc5 6. Be2 d5 7. d4 Ne4 8. O-O Be7 9. Bf4 O-O 10. Nbd2 Nd7 11. Ne5 Nxe5 12. Bxe5 Bf5 13. f3 Nd6 14. Re1 c6 15. Nf1 Nc4 16. Bxc4 dxc4 17. Ne3 Be6 18. c3 Qd7 19. b3 cxb3 20. axb3 Rfd8 21. Qc2 Bf8 22. Red1 f6 23. Bg3 Bd6 24. Bxd6 Qxd6 25. Nc4 Qc7 26. Re1 Bf7 27. Qf2 b5 28. Nd2 a5 29. b4 axb4 30. cxb4 Qd6 31. Rxa8 Rxa8 32. Rb1 Rd8 33. Ne4 Qxd4 34. Qxd4 Rxd4 35. Ra1 Bg6 36. Ra6 Bxe4 37. fxe4 Rxb4 38. Rxc6 Rxe4 39. Rb6 b4 40. Rb7 h6 41. Kf2 Kh7 42. Kf3 Rc4 43. g4 Rc3+ 44. Kg2 b3 45. h4 Kg6 46. h5+ Kg5 47. Rxg7+ Kh4 48. Rf7 Kxg4 49. Kf2 f5 50. Rf6 Kg5 51. Rf7 Kf4 52. Ke2 Rh3 53. Kd2 Rxh5 54. Rb7 Rh3 55. Rb4+ Kg5 56. Ke2 h5 57. Kf2 h4 58. Kg2 Rc3 0-1

[Event "EYCC Open-U12 2019"]
[Site "Bratislava"]
[Date "2019.08.09"]
[Round "8.29"]
[White "De Winter, Arthur"]
[Black "Gregoric, Andraz"]
[Result "1/2-1/2"]
[ECO "C99"]
[WhiteElo "1859"]
[BlackElo "1911"]
[Annotator "NA"]
[PlyCount "77"]
[EventDate "2019.08.02"]
[EventType "swiss"]
[EventCountry "SVK"]
[SourceTitle "playchess.com"]
[Source "ChessBase"]
[SourceQuality "1"]
[TimeControl "40/5400+30:1800+30"]

1. e4 e5 2. Nf3 Nc6 3. Bb5 a6 4. Ba4 Nf6 5. O-O Be7 6. Re1 b5 7. Bb3 d6 8. c3 O-O 9. h3 Na5 10. Bc2 c5 11. d4 Qc7 12. Nbd2 cxd4 13. cxd4 Nc6 14. d5 Nb4 15. Bb1 a5 16. Nf1 Bd7 17. Ng3 h6 18. a3 Na6 19. Be3 Nh7 20. Nh2 Bg5 21. Nf3 Bxe3 22. Rxe3 Rac8 23. Bd3 a4 24. Nh4 g6 25. Qe2 Qb6 26. Kh2 Kg7 27. Rf1 Nc5 28. f4 f6 29. f5 g5 30. Nh5+ Kf7 31. Ng6 Rg8 32. Ng3 Be8 33. Rc1 Nf8 34. Nxf8 Rxf8 35. Bb1 Qb7 36. Rec3 Ke7 37. Nf1 h5 38. Ne3 Qb6 39. Qd1 1/2-1/2

[Event "EYCC Open-U12 2019"]
[Site "Bratislava"]
[Date "2019.08.09"]
[Round "8.30"]
[White "Tarhan, Adar"]
[Black "Janous, Marek"]
[Result "1-0"]
[ECO "B42"]
[WhiteElo "1972"]
[BlackElo "1717"]
[Annotator "NA"]
[PlyCount "82"]
[EventDate "2019.08.02"]
[EventType "swiss"]
[EventCountry "SVK"]
[SourceTitle "playchess.com"]
[Source "ChessBase"]
[SourceQuality "1"]
[TimeControl "40/5400+30:1800+30"]

1. e4 c5 2. Nf3 e6 3. d4 cxd4 4. Nxd4 a6 5. Bd3 Qc7 6. O-O Nf6 7. Qe2 Bc5 8. Nb3 Ba7 9. c4 d6 10. Nc3 Nc6 11. Bg5 Nd7 12. Kh1 Nde5 13. Bb1 Nd4 14. Nxd4 Bxd4 15. Bd3 Bxc3 16. bxc3 Bd7 17. Rad1 Rc8 18. Bf4 Nxc4 19. Bxc4 Qxc4 20. Qg4 Qxc3 21. Bxd6 Qf6 22. e5 Qg6 23. Qd4 Bc6 24. f3 Rd8 25. Qc5 f6 26. Bf8 Rxf8 27. Rxd8+ Kxd8 28. Qxf8+ Kc7 29. Qd6+ Kc8 30. Qxe6+ Kb8 31. Qd6+ Ka8 32. e6 f5 33. Qd8+ Ka7 34. e7 Qe6 35. Qd4+ Ka8 36. Qb4 Qxa2 37. Re1 Qf7 38. Qd4 Qe8 39. Qxg7 Ka7 40. Qxh7 Qd7 41. Qh4 b6 1-0

[Event "EYCC Open-U12 2019"]
[Site "Bratislava"]
[Date "2019.08.09"]
[Round "8.31"]
[White "Milanovic, Marko"]
[Black "Rakovsky, Jakub"]
[Result "1/2-1/2"]
[ECO "B51"]
[WhiteElo "1814"]
[BlackElo "1663"]
[Annotator "NA"]
[PlyCount "40"]
[EventDate "2019.08.02"]
[EventType "swiss"]
[EventCountry "SVK"]
[SourceTitle "playchess.com"]
[Source "ChessBase"]
[SourceQuality "1"]
[TimeControl "40/5400+30:1800+30"]

1. e4 c5 2. Nf3 d6 3. Bb5+ Nd7 4. d4 a6 5. Bxd7+ Bxd7 6. dxc5 dxc5 7. Nc3 Bc6 8. Qe2 g6 9. Ne5 Qc8 10. Be3 Bg7 11. Nxc6 Qxc6 12. Qc4 Rc8 13. a4 Nf6 14. O-O O-O 15. f3 Nd7 16. Nd5 Rfe8 17. Bg5 Nb6 18. Qb3 Nxd5 19. exd5 Qd7 20. c4 e6 1/2-1/2

[Event "EYCC Open-U12 2019"]
[Site "Bratislava"]
[Date "2019.08.09"]
[Round "8.32"]
[White "Uritsky, Yonathan"]
[Black "Cherneyko, Ivan"]
[Result "1-0"]
[ECO "B12"]
[WhiteElo "2040"]
[BlackElo "1743"]
[Annotator "NA"]
[PlyCount "87"]
[EventDate "2019.08.02"]
[EventType "swiss"]
[EventCountry "SVK"]
[SourceTitle "playchess.com"]
[Source "ChessBase"]
[SourceQuality "1"]
[TimeControl "40/5400+30:1800+30"]

1. e4 c6 2. d4 d5 3. f3 g6 4. c3 Bg7 5. Na3 e6 6. e5 Ne7 7. f4 a6 8. Nf3 Qc7 9. Bd3 c5 10. O-O Bd7 11. Be3 c4 12. Bb1 b5 13. g4 a5 14. Nc2 Nbc6 15. a3 h5 16. h3 Rb8 17. Qe1 Qb6 18. Bd2 hxg4 19. hxg4 Ng8 20. Ne3 Nh6 21. Kg2 b4 22. f5 gxf5 23. gxf5 Kd8 24. axb4 axb4 25. Kf2 Kc7 26. f6 Bf8 27. Bc2 Ng8 28. Ng4 Nh6 29. Ne3 Ng8 30. Rh1 Nh6 31. Rh2 Kb7 32. Qh1 b3 33. Bb1 Rg8 34. Rxh6 Bxh6 35. Qxh6 Ra8 36. Rxa8 Rxa8 37. Qg7 Be8 38. Ng5 Qc7 39. Qf8 Ra1 40. Qxe8 Rxb1 41. Nxe6 fxe6 42. f7 Nxe5 43. f8=Q Nd3+ 44. Kf3 1-0